 Dungeon Crawl Stone Soup version 0.30-a0-223-gcb0039aa0c (webtiles) character file.

Game seed: 11696752124968751131

16514 qw the Cleaver (level 12, -1/76 HPs)
             Began as a Gargoyle Fighter on Oct 9, 2022.
             Was an Elder of Okawaru.
             Slain by a minotaur
             ... wielding a staff of fire
              (2 damage)
             ... in a Gauntlet.
             The game lasted 00:04:27 (11446 turns).

qw the Cleaver (Gargoyle Fighter)                  Turns: 11446, Time: 00:04:28

Health: -1/76      AC: 33    Str: 23    XL:     12   Next: 38%
Magic:  18/18      EV:  8    Int: 11    God:    Okawaru [****..]
Gold:   562        SH: 12    Dex:  9    Spells: 11/11 levels left

rFire   . . .      SeeInvis .    Y - +1 broad axe (flame)
rCold   . . .      Faith    .    q - +0 kite shield
rNeg    + . .      Spirit   .    b - +0 plate armour
rPois   inf        Reflect  .    l - +0 helmet
rElec   +          Harm     .    g - scarf {repulsion}
rCorr   .          Rampage  inf  j - +1 pair of gloves
Will    .....      NoTele   +    i - +3 pair of seven-league boots {Rampage+∞}
Stlth   ..........               (no amulet)
HPRegen 0.32/turn                (no ring)
MPRegen 0.16/turn                (no ring)

@: heroic, repel missiles
A: sickness immunity, AC +8, negative energy resistance 1, electricity
resistance, torment resistance 1, petrification resistance
a: Renounce Religion, Heroism, Finesse


You were in a Gauntlet.
You worshipped Okawaru.
Okawaru was greatly pleased with you.
You visited 3 branches of the dungeon, and saw 13 of its levels.
You also visited: Gauntlet.

You collected 732 gold pieces.
You spent 170 gold pieces at shops.


Innate Abilities, Weirdness & Mutations

You are immune to sickness and miasma.
Your stone body is resilient. (AC +8)
You are immune to poison.
You resist negative energy. (rN+)
You are resistant to electric shocks. (rElec)
You are resistant to unholy torment.
You are immune to petrification.


   Skills:
 - Level 9.0(14.0) Fighting
 + Level 11.0(16.0) Axes
 - Level 3.9(8.9) Throwing
 - Level 8.3(13.3) Armour
 - Level 1.4(6.4) Dodging
 - Level 10.0(15.0) Shields
 + Level 8.4 Invocations


You had 11 spell levels left.
You didn't know any spells.
Your spell library was empty.

Inventory:

Hand Weapons
 Y - a +1 broad axe of flaming (weapon)
Missiles
 h - a boomerang (quivered)
Armour
 b - a +0 plate armour (worn)
 g - a scarf of repulsion (worn)
 i - the +3 pair of seven-league boots (worn) {Rampage+∞}
   (You found it in a Gauntlet)

   Its wearer moves as far as possible in that direction when moving towards
   enemies.
 j - a +1 pair of gloves (worn)
 l - a +0 helmet (worn)
 o - a +0 cloak
 p - a +0 chain mail of fire resistance
 q - a +0 kite shield (worn)
Scrolls
 a - a scroll of identify
 s - 8 scrolls of teleportation
Potions
 c - a potion of magic
 d - 3 potions of might
 e - 3 potions of cancellation
 f - a potion of lignification
 k - 2 potions of mutation
 n - 2 potions of curing
 t - a potion of resistance {unknown}
 u - 2 potions of haste

Dungeon Overview and Level Annotations

Branches:
Dungeon (10/15)            Temple (1/1) D:6            Lair (2/5) D:10
Gauntlet (1/1)
  Swamp: Lair:2-3    Shoals: Lair:2-3     Snake: Lair:2-3    Spider: Lair:2-3
    Orc: D:9-12

Altars:
Ashenzari
Cheibriados
Dithmenos
Elyvilon
Fedhas
Gozag
Hepliaklqana
Kikubaaqudgha
Makhleb
Nemelex Xobeh
Okawaru
Qazlal
Ru
Sif Muna
Trog
Uskayaw
Vehumet
Wu Jian
Xom
Yredelemnul
Zin
The Shining One

Shops:
D:6 =(

Annotations:
D:4 4 transporters, qw's ghost, novice GrFi Gauntlet 8 transporters, 4 runed translucent doors


Message History

A minotaur is nearby!
You hit the minotaur but do no damage.
The minotaur is lightly wounded.
You block the minotaur's attack. x2
You hit the minotaur but do no damage.
The minotaur is lightly wounded.
You block the minotaur's attack. x2
You slash the minotaur! You burn the minotaur.
The minotaur is moderately wounded.
The minotaur hits you with a staff of fire.
The minotaur burns you. You block the minotaur's attack.
You hit the minotaur but do no damage.
The minotaur is moderately wounded.
You block the minotaur's attack. x2
You slash the minotaur! You burn the minotaur.
The minotaur is heavily wounded.
You hit the minotaur but do no damage.
The minotaur is heavily wounded.
You block the minotaur's attack. x2
You barely miss the minotaur.
The minotaur is heavily wounded.
You block the minotaur's attack. x2
You hit the minotaur.
The minotaur is heavily wounded.
You block the minotaur's attack. The minotaur barely misses you.
You slice the minotaur!! You burn the minotaur.
The minotaur is almost dead.
The minotaur hits you with a staff of fire!!
The minotaur burns you! The minotaur barely misses you.
You hit the minotaur. You burn the minotaur.
The minotaur is almost dead.
The minotaur hits you with a staff of fire!
The minotaur burns you! You block the minotaur's attack.
You hit the minotaur but do no damage.
The minotaur is almost dead.
You block the minotaur's attack. x2
You closely miss the minotaur.
The minotaur is almost dead.
The minotaur hits you with a staff of fire.
You die...

###*#################
### ### *#
*.................#
#.7.7.^.^.^.^.7.7.#
*.................#
###.##.##.##.##.###
*#.*#.##.##.##.##
*.,,............#
*,**,*#.##.##.###
*,**,**,*#.*#@#**
*,,,,,......H...#
***,**.#(###.##.#
***,**,*,**#.**.#
*,,,,,,*,*,..,,,#
**,**,**,*#.#*,**
*,**,**\*#.**,*
*,,,,,***..,,,*
***,**,**,**,**


You could see a minotaur.

Vanquished Creatures
  Erolcha (D:10)
  2 two-headed ogres (D:9)
  5 elephants (Lair:1)
  A black mamba (Lair:1)
  2 cane toads (Lair:1)
  2 kobold demonologists (D:10)
  6 komodo dragons (Lair:1)
  3 meliai (Gauntlet)
  A wolf spider simulacrum (Gauntlet)
  3 centaur simulacra (Gauntlet)
  2 shadows (Gauntlet)
  2 wraiths
  A wyvern (D:8)
  2 vampires (D:10)
  Grum (D:10)
  9 yaks
  2 wargs (D:10)
  An acid dragon (D:9)
  5 water moccasins
  Duvessa (D:4)
  3 black bears
  5 orc warriors
  5 sky beasts
  Pargi (D:3)
  2 wolves (D:10)
  A centaur (D:10)
  2 ogres
  3 phantoms
  A kobold brigand (D:10)
  10 bullfrogs
  2 gnoll sergeants
  2 scorpions
  2 necrophages
  9 wights
  Dowan (D:4)
  5 killer bees (D:9)
  4 howler monkeys
  5 hounds
  A wyvern simulacrum (Gauntlet)
  4 orc priests
  2 jellies
  Ijyb (D:4)
  16 iguanas
  9 orc wizards
  Robin (D:2)
  8 gnolls
  6 adders
  2 shadow imps
  3 white imps
  3 worms
  2 dart slugs
  55 orcs
  5 ball pythons
  4 endoplasms
  2 giant cockroaches
  2 hobgoblins
  6 jackals
  12 kobolds
  2 quokkas
  4 bats
  17 frilled lizards
  17 goblins
  6 rats
305 creatures vanquished.

Vanquished Creatures (others)
  2 plants
  4 withered plants (Gauntlet)
6 creatures vanquished.

Grand Total: 311 creatures vanquished

Notes
Turn   | Place    | Note
-------+----------+-------------------------------------------
     0 | D:1      | qw the Gargoyle Fighter began the quest for the Orb.
     0 | D:1      | Reached XP level 1. HP: 14/14 MP: 1/1
     0 | D:1      | 0 ||| qw: Version: 0.2-a-17-g06abaee
     0 | D:1      | 0 ||| qw: Game counter: 2118
     0 | D:1      | 0 ||| qw: Always use a shield: true
     0 | D:1      | 0 ||| qw: God list: Okawaru
     0 | D:1      | 0 ||| qw: Allow faded altars: false
     0 | D:1      | 0 ||| qw: Do Orc after D:15 true
     0 | D:1      | 0 ||| qw: Do second Lair branch before Depths: true
     0 | D:1      | 0 ||| qw: Lair rune preference: random
     0 | D:1      | 0 ||| qw: Plans: Normal, Zot:1-4, God:TSO, Crypt, Tomb,
                  | Pan, Slime:5, Hells, Abyss, Orb
     0 | D:1      | 0 ||| PLANNING D:1-11
    29 | D:1      | 29 ||| Stepping ~*~*~tactically~*~*~ (hiding).
    39 | D:1      | Reached skill level 2 in Axes
   157 | D:1      | Reached XP level 2. HP: 12/19 MP: 2/2
   442 | D:1      | Found a faded altar of an unknown god.
   599 | D:1      | Reached skill level 3 in Axes
   639 | D:1      | Reached XP level 3. HP: 23/23 MP: 3/3
   718 | D:1      | 718 ||| UPGRADING to +0 chain mail.
   728 | D:1      | 728 ||| DROPPING +0 scale mail.
   729 | D:1      | 729 ||| UPGRADING to +0 helmet.
   734 | D:1      | 734 ||| UPGRADING to +0 cloak.
   739 | D:1      | 739 ||| READING scroll labelled VIROYM YN VAV.
   740 | D:1      | 740 ||| READING scroll labelled LICSIM HU ROS.
   741 | D:1      | 741 ||| READING scroll labelled EFOCEB MUTEATU.
   742 | D:1      | 742 ||| READING scroll labelled KIERUO MUIRU.
   743 | D:1      | 743 ||| READING scroll labelled GAF ASOEFUMUO.
   807 | D:2      | Noticed Robin
   818 | D:2      | Reached skill level 1 in Throwing
   820 | D:2      | Killed Robin
   917 | D:2      | 917 ||| Stepping ~*~*~tactically~*~*~ (stealth).
  1289 | D:2      | Reached XP level 4. HP: 28/28 MP: 4/4
  1316 | D:2      | 1316 ||| DROPPING +0 whip.
  1607 | D:2      | 1607 ||| READING scroll labelled BEUSOO WENIATA.
  1608 | D:2      | 1608 ||| DRINKING 2 viscous clear potions.
  1712 | D:2      | 1712 ||| DROPPING potion of berserk rage.
  1886 | D:3      | You fall into a shaft and drop 1 floor!
  1938 | D:4      | Found a transporter.
  1992 | D:4      | Found a transporter.
  2008 | D:4      | Found a transporter.
  2057 | D:4      | Found a transporter.
  2059 | D:4      | Noticed qw's ghost (novice GrFi)
  2061 | D:4      | Noticed a yak
  2099 | D:4      | Reached skill level 4 in Axes
  2186 | D:4      | Reached XP level 5. HP: 32/32 MP: 5/5
  2272 | D:4      | 2272 ||| READING scroll labelled HORAAN DYUJI.
  2482 | D:3      | Noticed Pargi
  2494 | D:3      | Killed Pargi
  2495 | D:3      | Reached skill level 5 in Axes
  2495 | D:3      | Reached XP level 6. HP: 36/37 MP: 6/6
  2638 | D:3      | 2638 ||| Stepping ~*~*~tactically~*~*~ (hiding).
  2862 | D:3      | 2862 ||| Stepping ~*~*~tactically~*~*~ (stealth).
  3123 | D:3      | 3123 ||| UPGRADING to +0 chain mail of fire resistance.
  3133 | D:3      | 3133 ||| DROPPING +0 chain mail.
  3134 | D:3      | 3134 ||| READING scroll labelled FEMULI CUKEA.
  3135 | D:3      | 3135 ||| READING scroll labelled PEFYCROSSO.
  3136 | D:3      | 3136 ||| READING scroll labelled CUOS ALOHUMPY.
  3137 | D:3      | 3137 ||| READING 4 scrolls of identify.
  3137 | D:3      | 3137 ||| IDENTIFYING sedimented dark potion
  3138 | D:3      | 3138 ||| READING 3 scrolls of identify.
  3138 | D:3      | 3138 ||| IDENTIFYING grey potion
  3139 | D:3      | 3139 ||| READING 2 scrolls of identify.
  3139 | D:3      | 3139 ||| IDENTIFYING inky potion
  3140 | D:3      | 3140 ||| DROPPING potion of magic.
  3375 | D:4      | 3375 ||| Stepping ~*~*~tactically~*~*~ (stealth).
  3389 | D:4      | Reached skill level 6 in Axes
  3419 | D:4      | Reached skill level 1 in Dodging
  3419 | D:4      | Reached XP level 7. HP: 32/43 MP: 7/7
  3681 | D:4      | Noticed Ijyb
  3696 | D:4      | Killed Ijyb
  3742 | D:4      | Noticed Dowan
  3742 | D:4      | Noticed Duvessa
  3743 | D:4      | 3743 ||| Stepping ~*~*~tactically~*~*~ (hiding).
  3756 | D:4      | Killed Duvessa
  3757 | D:4      | Reached skill level 7 in Axes
  3767 | D:4      | Killed Dowan
  3830 | D:4      | 3830 ||| READING scroll labelled VISYIX PUEBUATAQ.
  3925 | D:5      | Entered Level 5 of the Dungeon
  4063 | D:5      | Reached XP level 8. HP: 49/49 MP: 8/8
  4140 | D:5      | Found a glowing golden altar of the Shining One.
  4165 | D:5      | 4165 ||| Stepping ~*~*~tactically~*~*~ (stealth).
  4170 | D:5      | 4170 ||| FLEEEEING.
  4171 | D:5      | 4171 ||| FLEEEEING.
  4172 | D:5      | 4172 ||| FLEEEEING.
  4173 | D:5      | 4173 ||| FLEEEEING.
  4174 | D:5      | 4174 ||| FLEEEEING.
  4175 | D:5      | 4175 ||| FLEEEEING.
  4176 | D:5      | 4176 ||| FLEEEEING.
  4177 | D:5      | 4177 ||| FLEEEEING.
  4178 | D:5      | 4178 ||| FLEEEEING.
  4179 | D:5      | 4179 ||| FLEEEEING.
  4180 | D:5      | 4180 ||| FLEEEEING.
  4181 | D:5      | 4181 ||| FLEEEEING.
  4182 | D:5      | 4182 ||| FLEEEEING.
  4183 | D:5      | 4183 ||| FLEEEEING.
  4184 | D:5      | 4184 ||| FLEEEEING.
  4185 | D:5      | 4185 ||| FLEEEEING.
  4186 | D:5      | 4186 ||| FLEEEEING.
  4187 | D:5      | 4187 ||| FLEEEEING.
  4188 | D:5      | 4188 ||| FLEEEEING.
  4189 | D:5      | 4189 ||| FLEEEEING.
  4190 | D:5      | 4190 ||| FLEEEEING.
  4436 | D:5      | 4436 ||| READING scroll labelled LOPPOC RAOR.
  4441 | D:6      | Found Kotwef's Jewellery Shoppe.
  4445 | D:6      | 4445 ||| STAIRDANCE
  4471 | D:6      | 4471 ||| SHOPLISTING +4 ring of evasion (504 gold, have
                  | 200).
  4471 | D:6      | 4471 ||| SHOPLISTING +4 ring of protection (504 gold, have
                  | 200).
  4471 | D:6      | 4471 ||| SHOPLISTING amulet of Dithmenos's Supremacy
                  | {Reflect SH+5 SInv} (576 gold, have 200).
  4471 | D:6      | 4471 ||| SHOPLISTING ring "Juanig" {rF+ Int+2} (506 gold,
                  | have 200).
  4471 | D:6      | 4471 ||| SHOPLISTING ring of Zauqad {Fire Will+ Stlth+}
                  | (565 gold, have 200).
  4487 | D:6      | Reached skill level 8 in Axes
  4519 | D:6      | 4519 ||| FLEEEEING.
  4530 | D:6      | Reached skill level 6 in Fighting
  4555 | D:6      | Reached XP level 9. HP: 23/55 MP: 9/9
  4557 | D:6      | Reached skill level 9 in Axes
  4678 | D:6      | Found a staircase to the Ecumenical Temple.
  4679 | D:6      | 4679 ||| PLANNING TEMPLE
  4679 | D:6      | 4679 ||| UPGRADING to +0 pair of gloves.
  4691 | Temple   | Entered the Ecumenical Temple
  4811 | Temple   | 4811 ||| PLANNING OKAWARU WORSHIP
  5002 | Temple   | Became a worshipper of Warmaster Okawaru
  5003 | Temple   | 5003 ||| PLANNING D:1-11
  5175 | D:6      | Found Feateab's Hydra Hut.
  5178 | D:6      | Noticed an eight-headed hydra
  5183 | D:6      | 5183 ||| BUYING +1 broad axe of flaming (170 gold).
  5183 | D:6      | Bought a +1 broad axe of flaming for 170 gold pieces
  5183 | D:6      | 5183 ||| SWAPPING to +1 broad axe of flaming.
  5184 | D:6      | 5184 ||| DROPPING +0 hand axe of flaming.
  5185 | D:6      | 5185 ||| DROPPING +0 war axe.
  5592 | D:6      | 5592 ||| DROPPING orb of wrath.
  5622 | D:7      | 5622 ||| Stepping ~*~*~tactically~*~*~ (hiding).
  5623 | D:7      | 5623 ||| Stepping ~*~*~tactically~*~*~ (hiding).
  5795 | D:7      | 5795 ||| Stepping ~*~*~tactically~*~*~ (stealth).
  5798 | D:7      | 5798 ||| Stepping ~*~*~tactically~*~*~ (stealth).
  5800 | D:7      | 5800 ||| Stepping ~*~*~tactically~*~*~ (stealth).
  5802 | D:7      | 5802 ||| Stepping ~*~*~tactically~*~*~ (stealth).
  5982 | D:7      | 5982 ||| Stepping ~*~*~tactically~*~*~ (stealth).
  6127 | D:7      | Reached * piety under Okawaru
  6246 | D:7      | Found a snail-covered altar of Cheibriados.
  6289 | D:7      | 6289 ||| INVOKING Heroism.
  6393 | D:7      | 6393 ||| DROPPING +3 scale mail.
  6394 | D:7      | 6394 ||| READING 3 scrolls of identify.
  6394 | D:7      | 6394 ||| IDENTIFYING metallic coppery potion
  6395 | D:7      | 6395 ||| READING 2 scrolls of identify.
  6395 | D:7      | 6395 ||| IDENTIFYING cyan potion
  6396 | D:7      | 6396 ||| DROPPING potion of degeneration.
  6413 | D:8      | 6413 ||| INVOKING Heroism.
  6414 | D:8      | 6414 ||| Stepping ~*~*~tactically~*~*~ (stealth).
  6415 | D:8      | 6415 ||| Stepping ~*~*~tactically~*~*~ (stealth).
  6416 | D:8      | 6416 ||| Stepping ~*~*~tactically~*~*~ (stealth).
  6426 | D:8      | Reached skill level 1 in Invocations
  6440 | D:8      | 6440 ||| FLEEEEING.
  6441 | D:8      | 6441 ||| STAIRDANCE
  6493 | D:8      | 6493 ||| Stepping ~*~*~tactically~*~*~ (hiding).
  6494 | D:8      | 6494 ||| Stepping ~*~*~tactically~*~*~ (hiding).
  6495 | D:8      | 6495 ||| Stepping ~*~*~tactically~*~*~ (hiding).
  6497 | D:8      | 6497 ||| INVOKING Heroism.
  6517 | D:8      | Reached skill level 3 in Invocations
  6517 | D:8      | 6517 ||| INVOKING Heroism.
  6539 | D:8      | 6539 ||| INVOKING Heroism.
  6664 | D:8      | Found a flagged portal.
  6748 | D:8      | 6748 ||| Stepping ~*~*~tactically~*~*~ (hiding).
  6755 | D:8      | 6755 ||| INVOKING Heroism.
  6762 | D:8      | Reached XP level 10. HP: 32/63 MP: 9/12
  6910 | D:8      | 6910 ||| READING scroll of enchant armour.
  6910 | D:8      | 6910 ||| ENCHANTING +0 pair of gloves.
  6975 | D:8      | Reached skill level 10 in Axes
  7242 | D:8      | 7242 ||| UPGRADING to +0 kite shield.
  7252 | D:8      | 7252 ||| DROPPING +0 buckler.
  7253 | D:8      | 7253 ||| READING scroll labelled TOAPTA TOTHEX.
  7254 | D:8      | 7254 ||| DRINKING 2 sedimented green potions.
  7255 | D:8      | 7255 ||| READING 3 scrolls of identify.
  7255 | D:8      | 7255 ||| IDENTIFYING pink potion
  7256 | D:8      | 7256 ||| READING 2 scrolls of identify.
  7256 | D:8      | 7256 ||| IDENTIFYING bubbling green potion
  7257 | D:8      | 7257 ||| DROPPING potion of invisibility.
  7258 | D:8      | 7258 ||| DROPPING potion of flight.
  7293 | D:9      | Noticed a two-headed ogre
  7294 | D:9      | 7294 ||| INVOKING Heroism.
  7304 | D:9      | Killed a two-headed ogre
  7304 | D:9      | Reached ** piety under Okawaru
  7305 | D:9      | Reached skill level 6 in Shields
  7384 | D:9      | 7384 ||| Stepping ~*~*~tactically~*~*~ (stealth).
  7387 | D:9      | 7387 ||| INVOKING Heroism.
  7459 | D:9      | 7459 ||| Stepping ~*~*~tactically~*~*~ (stealth).
  7593 | D:9      | 7593 ||| INVOKING Heroism.
  7678 | D:9      | 7678 ||| INVOKING Heroism.
  7706 | D:9      | 7706 ||| INVOKING Heroism.
  7879 | D:9      | 7879 ||| Stepping ~*~*~tactically~*~*~ (stealth).
  7959 | D:9      | 7959 ||| INVOKING Heroism.
  7965 | D:9      | Reached *** piety under Okawaru
  7966 | D:9      | Reached skill level 3 in Throwing
  8099 | D:9      | Noticed a two-headed ogre
  8100 | D:9      | 8100 ||| INVOKING Heroism.
  8106 | D:9      | Killed a two-headed ogre
  8107 | D:9      | Reached skill level 9 in Shields
  8319 | D:9      | 8319 ||| UPGRADING to +0 plate armour.
  8329 | D:9      | 8329 ||| UPGRADING to +2 pair of boots.
  8334 | D:9      | 8334 ||| DRINKING 2 bubbling emerald potions.
  8345 | D:10     | Entered Level 10 of the Dungeon
  8345 | D:10     | Noticed Erolcha
  8346 | D:10     | 8346 ||| INVOKING Heroism.
  8356 | D:10     | 8356 ||| Stepping ~*~*~tactically~*~*~ (hiding).
  8362 | D:10     | Killed Erolcha
  8363 | D:10     | Reached skill level 6 in Armour
  8363 | D:10     | Reached XP level 11. HP: 67/67 MP: 12/14
  8391 | D:10     | Noticed Grum
  8392 | D:10     | 8392 ||| Stepping ~*~*~tactically~*~*~ (stealth).
  8393 | D:10     | 8393 ||| Stepping ~*~*~tactically~*~*~ (stealth).
  8410 | D:10     | 8410 ||| INVOKING Heroism.
  8417 | D:10     | Killed Grum
  8439 | D:10     | 8439 ||| Stepping ~*~*~tactically~*~*~ (stealth).
  8442 | D:10     | 8442 ||| INVOKING Heroism.
  8470 | D:10     | 8470 ||| INVOKING Heroism.
  8536 | D:10     | Found a staircase to the Lair.
  8692 | D:10     | 8692 ||| INVOKING Heroism.
  8916 | D:10     | 8916 ||| Stepping ~*~*~tactically~*~*~ (stealth).
  9040 | D:10     | Noticed a sixfirhy
  9040 | D:10     | 9040 ||| INVOKING Heroism.
  9054 | D:10     | 9054 ||| INVOKING Heroism.
  9075 | D:10     | 9075 ||| INVOKING Heroism.
  9077 | D:10     | Noticed a sixfirhy
  9469 | D:10     | 9469 ||| PLANNING LAIR
  9469 | D:10     | 9469 ||| DRINKING 2 orange potions.
  9528 | Lair:1   | Entered Level 1 of the Lair of Beasts
  9587 | Lair:1   | 9587 ||| INVOKING Heroism.
  9596 | Lair:1   | Reached **** piety under Okawaru
  9604 | Lair:1   | Received a gift from Okawaru
  9640 | Lair:1   | 9640 ||| INVOKING Heroism.
  9673 | Lair:1   | 9673 ||| INVOKING Heroism.
  9709 | Lair:1   | 9709 ||| Stepping ~*~*~tactically~*~*~ (stealth).
  9710 | Lair:1   | 9710 ||| Stepping ~*~*~tactically~*~*~ (stealth).
  9711 | Lair:1   | 9711 ||| Stepping ~*~*~tactically~*~*~ (stealth).
  9747 | Lair:1   | 9747 ||| INVOKING Heroism.
 10026 | Lair:1   | 10026 ||| INVOKING Heroism.
 10164 | Lair:1   | 10164 ||| INVOKING Heroism.
 10174 | Lair:1   | Received a gift from Okawaru
 10175 | Lair:1   | Reached skill level 11 in Axes
 10175 | Lair:1   | Reached skill level 6 in Invocations
 10183 | Lair:1   | 10183 ||| INVOKING Heroism.
 10186 | Lair:1   | Reached XP level 12. HP: 51/73 MP: 13/17
 10395 | Lair:1   | 10395 ||| Stepping ~*~*~tactically~*~*~ (stealth).
 10397 | Lair:1   | 10397 ||| Stepping ~*~*~tactically~*~*~ (stealth).
 10399 | Lair:1   | 10399 ||| INVOKING Heroism.
 10402 | Lair:1   | 10402 ||| Stepping ~*~*~tactically~*~*~ (stealth).
 10414 | Lair:1   | 10414 ||| Stepping ~*~*~tactically~*~*~ (stealth).
 10438 | Lair:1   | 10438 ||| Stepping ~*~*~tactically~*~*~ (stealth).
 10482 | Lair:1   | 10482 ||| INVOKING Heroism.
 10533 | Lair:1   | 10533 ||| Stepping ~*~*~tactically~*~*~ (stealth).
 10536 | Lair:1   | 10536 ||| INVOKING Heroism.
 10587 | Lair:1   | 10587 ||| Stepping ~*~*~tactically~*~*~ (stealth).
 10588 | Lair:1   | 10588 ||| Stepping ~*~*~tactically~*~*~ (stealth).
 10601 | Lair:1   | 10601 ||| Stepping ~*~*~tactically~*~*~ (stealth).
 10627 | Lair:1   | Identified the +7 flail "Lifebane" {vorpal, Str+3}
 10681 | Lair:1   | 10681 ||| READING 2 scrolls of identify.
 10681 | Lair:1   | 10681 ||| IDENTIFYING amethyst potion
 10682 | Lair:1   | 10682 ||| DROPPING potion of brilliance.
 10695 | Lair:2   | 10695 ||| PLANNING GAUNTLET
 10699 | Lair:2   | Received a gift from Okawaru
 10775 | Lair:2   | Found a gate leading to a gauntlet.
 10784 | Gauntlet | Entered a Gauntlet
 10784 | Gauntlet | Found a transporter.
 10791 | Gauntlet | Found a transporter.
 10793 | Gauntlet | Found a transporter.
 10804 | Gauntlet | Found a transporter.
 10807 | Gauntlet | Found a transporter.
 10811 | Gauntlet | Found a runed translucent door.
 10813 | Gauntlet | Found a runed translucent door.
 10813 | Gauntlet | Found the +3 pair of seven-league boots {Rampage+∞}
 10817 | Gauntlet | Found a transporter.
 10833 | Gauntlet | Noticed an entropy weaver
 10836 | Gauntlet | Found a transporter.
 10844 | Gauntlet | Found a transporter.
 10853 | Gauntlet | Noticed a death scarab
 10855 | Gauntlet | Found a transporter.
 10860 | Gauntlet | Noticed a death scarab
 10861 | Gauntlet | Found a transporter.
 10861 | Gauntlet | Found a transporter.
 10863 | Gauntlet | Found a transporter.
 10887 | Gauntlet | Found a runed translucent gate.
 10888 | Gauntlet | Found a runed translucent gate.
 10890 | Gauntlet | Found a runed translucent gate.
 10891 | Gauntlet | Found a transporter.
 10947 | Gauntlet | Found a transporter.
 11031 | Gauntlet | 11031 ||| INVOKING Heroism.
 11035 | Gauntlet | HP: 4/75 [wolf spider simulacrum (26)]
 11036 | Gauntlet | 11036 ||| DRINKING potion of heal wounds.
 11202 | Gauntlet | 11202 ||| READING scroll labelled TEDAEW SAOFUYNYA.
 11253 | Gauntlet | 11253 ||| UPGRADING to +3 pair of seven-league boots
                  | {Rampage+∞}.
 11263 | Gauntlet | 11263 ||| DROPPING +2 pair of boots.
 11274 | Gauntlet | 11274 ||| INVOKING Heroism.
 11281 | Gauntlet | Reached skill level 9 in Fighting
 11407 | Gauntlet | 11407 ||| UPGRADING to scarf of repulsion.
 11427 | Gauntlet | Noticed a minotaur
 11428 | Gauntlet | 11428 ||| Stepping ~*~*~tactically~*~*~ (stealth).
 11430 | Gauntlet | 11430 ||| INVOKING Heroism.
 11444 | Gauntlet | HP: 9/76 [minotaur/staff of fire (16)]
 11444 | Gauntlet | HP: 1/76 [minotaur/staff of fire (8)]
 11446 | Gauntlet | Slain by a minotaur

Levels and vault maps discovered:
D:1:      minmay_arrival_nine_rooms, layout_basic,
          chequers_ecumenical_altar_grove, st_stairs_10
D:2:      layout_basic, bh_walls_and_bars, uniq_robin
D:3:      layout_loops_corners, minmay_misc_feat_more_columns, uniq_pargi
D:4:      gammafunk_steamed_eel, layout_basic, gammafunk_ghost_arena,
          uniq_duvessa, uniq_ijyb
D:5:      layout_basic, tso_oasis_becter
D:6:      layout_loops_ring, minmay_temple_entry_ruins, nicolae_stop_n_shop_2,
          doesnt_shop_hydraphobe
D:7:      layout_loops_ring, mainiacjoe_overflow_alcove_4, hex_large
D:8:      layout_basic, enter_bailey_3, chequers_serial_rivers_room_b
D:9:      layout_roguey [special_room_orc]
D:10:     layout_cave_pods, erik_lair_orcish_takeover, uniq_grum, uniq_erolcha
Temple:   mainiacjoe_temple_cubbyholes
Lair:1:   lemuel_reptile_caves, layout_regular_city
Lair:2:   layout_hall_layers, elwin_shoals_entry_stream, gauntlet_entry_generic,
          grunt_megastairs_3, lemuel_fruit_fields
Gauntlet: minmay_gauntlet_77_tree [minmay_gauntlet_arena_77_museum,
          minmay_gauntlet_arena_77_run_for_it, minmay_gauntlet_arena_77_mess,
          minmay_gauntlet_arena_77_p_blocks, minmay_gauntlet_arena_77_two_lines,
          minmay_gauntlet_arena_77_radiant_squares,
          minmay_gauntlet_arena_77_shame_cube, gauntlet_exit_green]

Skill      XL: |  1  2  3  4  5  6  7  8  9 10 11 12 |
---------------+-------------------------------------+-----
Axes           | 2 3 4 5 6 7 8 9 10 11 | 11.0
Throwing       | 1 2 3 |  3.9
Fighting       | 4 5 6 7 8 9 |  9.0
Dodging        | 1 |  1.4
Armour         | 4 5 6 8 |  8.3
Shields        | 4 9 10 | 10.0
Invocations    | 3 4 6 8 |  8.4

Action                   |  1- 3 |  4- 6 |  7- 9 | 10-12 || total
-------------------------+-------+-------+-------+-------++-------
Melee: War axe           |    78 |   146 |   143 |       ||   367
       Broad axe         |       |       |   103 |   391 ||   494
Throw: Javelin           |    14 |       |     2 |    53 ||    69
       Boomerang         |       |       |    36 |    24 ||    60
Invok: Heroism           |       |       |     5 |    28 ||    33
  Use: Scroll            |     5 |     8 |     4 |     6 ||    23
       Potion            |       |     1 |       |     4 ||     5
Armor: Scale mail        |    18 |       |       |       ||    18
       Chain mail        |    26 |    94 |   179 |    64 ||   363
       Plate armour      |       |       |       |   216 ||   216
Dodge: Dodged            |    37 |    50 |    97 |   166 ||   350
Block: Buckler           |    23 |    25 |    57 |     4 ||   109
       Kite shield       |       |       |       |   240 ||   240

Table legend:
 A = Non-vault XP
 B = Vault XP
 C = Vault XP percentage of total XP
 D = Non-vault monster count
 E = Vault monster count
 F = Vault count percentage of total count
                 A         B        C        D         E       F
            +---------+---------+-------+---------+---------+-------
      Total |   15870 |    7722 |  32.7 |     199 |     106 |  34.8
            +---------+---------+-------+---------+---------+-------
        D:1 |      31 |       4 |  11.4 |      18 |       3 |  14.3
        D:2 |      15 |      37 |  71.2 |       8 |      13 |  61.9
        D:3 |     109 |     124 |  53.2 |      24 |       1 |   4.0
        D:4 |     498 |     248 |  33.2 |      17 |       3 |  15.0
        D:5 |     492 |       0 |   0.0 |      10 |       0 |   0.0
        D:6 |     963 |       0 |   0.0 |      18 |       0 |   0.0
        D:7 |    1187 |       0 |   0.0 |      17 |       0 |   0.0
        D:8 |    1332 |       8 |   0.6 |      29 |       4 |  12.1
        D:9 |    3497 |     370 |   9.6 |      23 |      25 |  52.1
       D:10 |    1763 |    1919 |  52.1 |      13 |      13 |  50.0
     Lair:1 |    5836 |    2602 |  30.8 |      21 |      34 |  61.8
     Lair:2 |     147 |       0 |   0.0 |       1 |       0 |   0.0
   Gauntlet |       0 |    2410 | 100.0 |       0 |      10 | 100.0
            +---------+---------+-------+---------+---------+-------
